 Dungeon Crawl Stone Soup version 0.26-a0-227-g1af32d979d (webtiles) character file.

Game seed: 10363234777950094933

4 BeastOfSaturn the Grasshopper (level 1, 0/19 HPs)
             Began as a Naga Warper on July 7, 2020.
             Slain by a jackal (2 damage)
             ... on level 1 of the Dungeon.
             The game lasted 00:00:51 (53 turns).

BeastOfSaturn the Grasshopper (Naga Warper)           Turns: 53, Time: 00:00:51

Health: 0/19       AC:  1    Str: 13    XL:     1   Next: 70%
Magic:  3/3        EV:  9    Int: 13    God:
Gold:   0          SH:  0    Dex: 10    Spells: 4/4 levels left

rFire    . . .     SeeInvis +   a - +0 falchion
rCold    . . .     Faith    .   (no shield)
rNeg     . . .     Spirit   .   b - +0 leather armour
rPois    +         Reflect  .   (no helmet)
rElec    .         Harm     .   (no cloak)
rCorr    .                      (no gloves)
MR       .....                  (no barding)
Stlth    +.........             (no amulet)
HPRegen  0.06/turn              (no ring)
MPRegen  0.08/turn              (no ring)

@: very slow
A: large, see invisible, deformed body, poison resistance, slowness 2, slow
metabolism 1, spit poison 1, AC +0
a: Spit Poison


You were on level 1 of the Dungeon.
You were not hungry.

You visited 1 branch of the dungeon, and saw 1 of its levels.

Inventory:

Hand Weapons
 a - a +0 falchion (weapon)
Missiles
 e - 5 boomerangs of dispersal (quivered)
Armour
 b - a +0 leather armour (worn)
Scrolls
 d - a scroll of blinking
Potions
 c - a potion of haste {unknown}
Comestibles
 f - a ration


   Skills:
 * Level 2.1 Fighting
 * Level 2.2 Long Blades
 - Level 0.8 Throwing
 - Level 0.7 Armour
 * Level 1.7 Dodging
 - Level 2.0 Spellcasting
   Level 3.0 Translocations


You had 4 spell levels left.
You didn't know any spells.
Your spell library contained the following spells:

 Spells                   Type           Power        Failure   Level
 Blink                    Tloc           N/A          14%         2
 Shroud of Golubria       Chrm/Tloc      #.....       26%         2
 Gell's Gravitas          Tloc           #.........   28%         3
 Lesser Beckoning         Tloc           #.........   28%         3
 Teleport Other           Tloc           #.......     28%         3
 Passage of Golubria      Tloc           N/A          67%         4


Dungeon Overview and Level Annotations

Branches:
Dungeon (1/15)

Altars:


Innate Abilities, Weirdness & Mutations

You cannot wear boots.
Your serpentine skin is tough. (AC +0)
You have supernaturally acute eyesight. (SInv)
Armour fits poorly on your strangely shaped body.
Your system is resistant to poisons. (rPois)
You cover ground very slowly.
You have a slow metabolism.
You can spit poison.


Message History

The jackal is almost dead.
The jackal completely misses you. The jackal barely misses you.
You riposte.
You barely miss the jackal.
The jackal is almost dead.
You hit the jackal.
You kill the jackal!
The jackal closely misses you.
You riposte.
You closely miss the jackal. You miss the jackal. The jackal bites you.
* * * LOW HITPOINT WARNING * * *
You completely miss the jackal. The jackal closely misses you.
You riposte.
You hit the jackal.
The jackal is almost dead.
The jackal barely misses you.
You miss the jackal.
The jackal is almost dead.
The jackal completely misses you.
You miss the jackal.
The jackal is almost dead.
The jackal bites you.
You die...

.... .. .# ##.# ###..# .##.#
.... ..... h#..### ###..# #.h#
....... #....# #..## ....###
##....# #.h.##.?.....
#########.....# #..h.......#
§.§...........######...##...#.#
§.§≈≈≈≈.........@h.....## ..[..
.§≈≈≈≈§≈......####......# ...#
§§§(>?§≈§.....#.........# ###
.§§§≈≈≈≈§...#.#.##.###..#
..≈§§≈≈.§...#.# ...# #..#
...§........#...#### #..#
#########...#... .... ##..###.#
#. #... .#


You could see a jackal.

Vanquished Creatures
  3 jackals (D:1)
  A frilled lizard (D:1)
4 creatures vanquished.

Notes
Turn   | Place    | Note
-------+----------+-------------------------------------------
     0 | D:1      | BeastOfSaturn the Naga Warper began the quest for the Orb.
     0 | D:1      | Reached XP level 1. HP: 19/19 MP: 3/3
    53 | D:1      | Slain by a jackal

Illustrated notes

Levels and vault maps discovered:
D:1:      lemuel_arrival_lava_pool, layout_basic

Action                   || total
-------------------------++-------
Melee: Falchion          ||    19
 Abil: Spit Poison       ||     1
Armor: Leather armour    ||     1
Dodge: Dodged            ||    18
       Rpst.: Falchion   ||    10

Table legend:
 A = Non-vault XP
 B = Vault XP
 C = Vault XP percentage of total XP
 D = Non-vault monster count
 E = Vault monster count
 F = Vault count percentage of total count
                 A         B        C        D         E       F
            +---------+---------+-------+---------+---------+-------
      Total |       7 |       0 |   0.0 |       4 |       0 |   0.0
            +---------+---------+-------+---------+---------+-------
        D:1 |       7 |       0 |   0.0 |       4 |       0 |   0.0
            +---------+---------+-------+---------+---------+-------
